 Dungeon Crawl Stone Soup version 0.28-a0-80-g9707f7362f (webtiles) character file.

Game seed: 6096765885582901820

70 HAL9000 the Changer (level 4, -3/35 HPs)
             Began as a Draconian Transmuter on Aug 5, 2021.
             Slain by Sigmund (12 damage)
             ... on level 2 of the Dungeon.
             The game lasted 00:03:17 (2322 turns).

HAL9000 the Changer (Draconian Transmuter)          Turns: 2322, Time: 00:03:18

Health: -3/35      AC:  2    Str: 12    XL:     4   Next: 4%
Magic:  2/7        EV: 19    Int: 14    God:
Gold:   114        SH:  0    Dex: 17    Spells: 1/7 levels left

rFire   . . .      SeeInvis .     - Unarmed
rCold   . . .      Faith    .   (shield currently unavailable)
rNeg    . . .      Spirit   .   (armour unavailable)
rPois   x          Reflect  .   (helmet currently unavailable)
rElec   .          Harm     .   (cloak currently unavailable)
rCorr   .          Rampage  .   (gloves currently unavailable)
Will    .....                   (boots currently unavailable)
Stlth   ++........              (no amulet)
HPRegen 0.11/turn               (no ring)
MPRegen 0.10/turn               (no ring)

@: spider-form (expiring)
A: venomous fangs, AC +5, tiny, unfitting armour, (cold-blooded)
a: End Transformation


You were on level 2 of the Dungeon.
You were a venomous arachnid creature.
You visited 1 branch of the dungeon, and saw 3 of its levels.

You collected 114 gold pieces.

Inventory:

Hand Weapons
 d - a +1 dagger of venom
Scrolls
 c - a scroll of identify {unknown}
 e - a scroll of teleportation {unknown}
 f - a scroll of immolation {unknown}
Potions
 a - 2 potions of berserk rage {unknown}
 b - 2 potions of lignification {unknown}
 g - a potion of curing {unknown}


   Skills:
 - Level 1.1 Fighting
 - Level 1.7 Dodging
 - Level 3.0 Unarmed Combat
 - Level 2.0 Spellcasting
 + Level 4.3 Transmutations


You had one spell level left.
You knew the following spells:

 Your Spells              Type           Power      Damage    Failure   Level
a - Beastly Appendage     Tmut           26%        N/A       13%         1
b - Wereblood             Tmut           13%        N/A       17%         2
c - Spider Form           Tmut/Pois      3%         N/A       50%         3

Your spell library contained the following spells:

 Spells                   Type           Power      Damage    Failure   Level
 Ice Form                 Ice/Tmut       7%         N/A       85%         4


Dungeon Overview and Level Annotations

Branches:
Dungeon (3/15)

Altars:
Ashenzari

Annotations:
D:2 Sigmund


Innate Abilities, Weirdness & Mutations

You are a venomous arachnid creature.
You have poisonous fangs.
You are tiny and dextrous.
Your spellcasting is less reliable in this form.
Your armour is entirely melded.
You are incapable of wielding weapons or throwing items.
((Your plain brown scales are hard. (AC +5)))
You cannot fit into any form of body armour.
((You are cold-blooded and may be slowed by cold attacks.))


Message History

Casting: Spider Form (quite dangerous; 28% risk of failure)
Confirm with . or Enter, or press ? or * to list all spells.
The spell is quite dangerous to cast (28% risk of failure)!
Continue anyway?
You turn into a venomous arachnid creature.
Unknown command.
Sigmund gestures at you while chanting.
You are confused.
Sigmund barely misses you.
There is a broken altar of Ashenzari here.
You hit Sigmund.
Sigmund is lightly wounded.
Sigmund hits you with a +0 scythe.
You hit Sigmund but do no damage.
Sigmund is lightly wounded.
Sigmund gestures wildly while chanting.
Sigmund flickers and vanishes!
Deactivating autopickup; reactivate with Ctrl-A.
You hit something.
You hear some strange, mumbled words.
You are more confused.
Something closely misses you.
Your magical contamination has completely faded away.
You're too confused to move!
Something barely misses you.
Your transformation is almost over.
A magic dart appears from out of thin air!
The magic dart hits you!
Unknown command.
Something closely misses you. Something barely misses you.
You hear some strange, mumbled words.
Something tries to affect you, but you resist.
You bump into the rock wall.
Something hits you!
You barely miss something. Something hits you but does no damage.
You hit something.
You feel less confused. Something hits you!
* * * LOW HITPOINT WARNING * * *
You barely miss something. Something hits you!
You die...

.#.# #.# .#.### ##########..
.....##### #...........
.....#..(# ########.########..
...÷...#.# #......#.########..
.....#...# #..................
.....##..# #..._..#..........#
..#####..######.........#########
.#.## #.........s{......#
.##.####................#
...............#.#.######
#.#.############.#.# #..########
#.#.# ..###.....# #.#.##
#.###.###.######...)# ...##.#
#.##..†.)...# ....#.#
#.##.######.#


There were no monsters in sight!

Vanquished Creatures
  3 adders (D:2)
  4 endoplasms
  6 goblins
  A hobgoblin (D:2)
  6 jackals (D:1)
  5 kobolds
  2 quokkas (D:1)
  7 ball pythons
  5 bats
  2 rats
41 creatures vanquished.

Vanquished Creatures (others)
  8 withered plants (D:1)
8 creatures vanquished.

Grand Total: 49 creatures vanquished

Notes
Turn   | Place    | Note
-------+----------+-------------------------------------------
     0 | D:1      | HAL9000 the Draconian Transmuter began the quest for the
                  | Orb.
     0 | D:1      | Reached XP level 1. HP: 16/16 MP: 3/3
   210 | D:1      | Reached XP level 2. HP: 20/23 MP: 3/5
   382 | D:1      | Reached skill level 3 in Transmutations
   402 | D:1      | Learned a level 2 spell: Wereblood
   489 | D:1      | Found a faded altar of an unknown god.
  1028 | D:2      | Reached XP level 3. HP: 22/28 MP: 4/6
  1333 | D:2      | Reached skill level 4 in Transmutations
  1702 | D:2      | Noticed Sigmund
  1961 | D:2      | Learned a level 3 spell: Spider Form
  2020 | D:2      | Reached XP level 4. HP: 35/35 MP: 7/7
  2041 | D:2      | Found a broken altar of Ashenzari.
  2322 | D:2      | Slain by Sigmund

Illustrated notes

Levels and vault maps discovered:
D:1:      minmay_arrival_checkered_box, layout_rooms,
          ebering_ecumenical_altar_petrified
D:2:      layout_loops_ring, basic_altar, moated_statue, uniq_sigmund
D:3:      layout_loops_ring, lemuel_crystal_altar

Skill      XL: |  1  2  3 |
---------------+----------+-----
Transmutations | 3 4 |  4.3
Fighting       | |  1.1
Dodging        | |  1.7
Unarmed Combat | |  3.0
Spellcasting   | |  2.0

Action                   |  1- 3 |  4- 6 || total
-------------------------+-------+-------++-------
Melee: Unarmed           |   124 |    10 ||   134
       Kick              |    14 |     1 ||    15
       Headbutt          |     7 |       ||     7
       Tailslap          |    11 |       ||    11
 Cast: Beastly Appendage |    23 |     1 ||    24
       Spider Form       |       |     1 ||     1
 Stab: Sleeping          |     2 |       ||     2
Armor: Skin              |    45 |     4 ||    49
Dodge: Dodged            |    83 |     8 ||    91

Table legend: (Time is in decaauts)
 A = Elapsed time spent in this place.
 B = Non-inter-level travel time spent in this place.
 C = Inter-level travel time spent in this place.
 D = Time resting spent in this place.
 E = Time spent auto-exploring this place.
 F = Levels seen in this place.
 G = Mean time per level.
                   A        B        C        D        E       F      G
               +--------+--------+--------+--------+--------+-----+--------+
         Total |   2316 |   2178 |    138 |    595 |   1248 |   3 |  772.0 |
       Dungeon |   2316 |   2178 |    138 |    595 |   1248 |   3 |  772.0 |
               +--------+--------+--------+--------+--------+-----+--------+

Top non-repeatable levels by time:
     D:1: 1209 daAuts
     D:2: 1051 daAuts
     D:3: 55 daAuts
